 Dungeon Crawl Stone Soup version 0.29-a0-284-gf9362112df (webtiles) character file.

Game seed: 1572044663128697291

0 spaghetti the Skirmisher (level 1, -6/16 HPs)
             Began as an Octopode Abyssal Knight on Mar 22, 2022.
             Was a Believer of Lugonu.
             Mangled by a sixfirhy (11 damage)
             ... on level 1 of the Abyss.
             The game lasted 00:00:12 (100 turns).

spaghetti the Skirmisher (Octopode Abyssal Knight)   Turns: 100, Time: 00:00:13

Health: -6/16      AC:  1    Str: 12    XL:     1   Next: 0%
Magic:  2/2        EV: 13    Int: 12    God:    Lugonu [**....]
Gold:   0          SH:  0    Dex: 12    Spells: 0/0 levels left

rFire   . . .      SeeInvis .   a - +1 short sword {short}
rCold   . . .      Faith    .   (no shield)
rNeg    . . .      Spirit   .   (helmet restricted)
rPois   .          Reflect  .   (no amulet)
rElec   .          Harm     .   (no ring)
rCorr   .          Rampage  .   (no ring)
Will    .....                   (no ring)
Stlth   ++........              (no ring)
HPRegen 0.05/turn               (no ring)
MPRegen 0.08/turn               (no ring)
                                (no ring)
                                (no ring)

@: no status effects
A: almost no armour, amphibious, 8 rings, camouflage 1, gelatinous body 1,
(nimble swimmer 1), tentacles
a: Renounce Religion, Depart the Abyss, Bend Space


You were on level 1 of the Abyss.
You worshipped Lugonu.
Lugonu was pleased with you.
You visited 0 branches of the dungeon, and saw 0 of its levels.
You visited the Abyss 1 time.


Innate Abilities, Weirdness & Mutations

You cannot wear most types of armour.
You are amphibious.
You can wear up to eight rings at the same time.
Your skin changes colour to match your surroundings (Stealth+).
Your rubbery body absorbs attacks. (AC +1, EV +1)
((You are camouflaged when in or above water. (Stealth+)))
You have tentacles for arms and can constrict up to eight enemies at once.


   Skills:
 - Level 3.0 Fighting
 - Level 2.0 Short Blades
 - Level 2.3 Dodging
 + Level 0.0 Stealth
 - Level 2.0 Invocations


You couldn't memorise any spells.
You didn't know any spells.
Your spell library was empty.

Inventory:

Hand Weapons
 a - a +1 short sword (weapon) {short}

Dungeon Overview and Level Annotations

Branches:
Dungeon (0/15)

Altars:

# . . .
.#. ..
# # ##
.. #
#.. ..
.#.
##.##..
. ##
... # #
# ... #
# ..##
. . #3#
.###
+@+ #'#
+.+ #+#


You could see a sixfirhy.


Message History

🤖 Initializing magus.rc ...
Options error: Delay interrupt name "hungry" not recognised. (~/.crawlrc:4761) Options error: Bad monster_list_colour key: strict_neutral (~/.crawlrc:4776) ✅ Successfully initialized magus.rc [v1.9.6] Welcome, spaghetti the Octopode Abyssal Knight.
Below lies the Orb of Zot, rumoured to be powerful enough to resurrect a god...
Lugonu says: Depart the Abyss and spread corruption, my servant! (use the ability menu to exit the Abyss) Press ? for a list of commands and other information.
Found a corrupted altar of Lugonu.
You offer a prayer to Lugonu.
You offer a prayer to Lugonu.
Unknown command.
Press < or > to pray at altars.
Found a corrupted altar of Lugonu.
Found a radiant altar of Vehumet.
An endoplasm comes into view.
An endoplasm is nearby!
The endoplasm quivers.
The endoplasm closely misses you.
There is a radiant altar of Vehumet here.
You hit the endoplasm. The endoplasm freezes you.
You are frozen. 😮 HP[-5]
You take 5 damage, and now have 11/16 hp.
MASSIVE DAMAGE!! (PAUSE)
You hit the endoplasm. The endoplasm hits you.
* * * LOW HITPOINT WARNING * * *
😨 HP[-3]
You take 3 damage, and now have 8/16 hp.
You hit the endoplasm.
You kill the endoplasm!
That felt strangely unrewarding.
You start resting.
A sixfirhy comes into view.
The sixfirhy moves out of view. 😮 HP[+1]
You start resting.
A sixfirhy is nearby! 😮 HP[+3]
You regained 3 hp, and now have 12/16 hp.
You open the door. The sixfirhy hits you!
* * * LOW HITPOINT WARNING * * *
The sixfirhy shocks you!
Ouch! That really hurt!
You die...

Action                   || total
-------------------------++-------
Melee: Short sword       ||     3
Dodge: Dodged            ||     1

Levels and vault maps discovered:
Abyss:1:  base: Temple, evilmike_abyss_exit_10, base:
Temple

Notes
Turn   | Place    | Note
-------+----------+-------------------------------------------
     0 | Abyss:1  | spaghetti the Octopode Abyssal Knight began the quest for
                  | the Orb.
     0 | Abyss:1  | Reached XP level 1. HP: 16/16 MP: 2/2
     0 | Abyss:1  | magus.rc [v1.9.6]
     0 | Abyss:1  | Found a corrupted altar of Lugonu.
     9 | Abyss:1  | Found a radiant altar of Vehumet.
    46 | Abyss:1  | Noticed a sixfirhy
   100 | Abyss:1  | Mangled by a sixfirhy

Vanquished Creatures
  An endoplasm (Abyss:1)
1 creature vanquished.

Table legend:
 A = Non-vault XP
 B = Vault XP
 C = Vault XP percentage of total XP
 D = Non-vault monster count
 E = Vault monster count
 F = Vault count percentage of total count
                 A         B        C        D         E       F
            +---------+---------+-------+---------+---------+-------
      Total |       0 |       0 |   N/A |       0 |       1 | 100.0
            +---------+---------+-------+---------+---------+-------
    Abyss:1 |       0 |       0 |   N/A |       0 |       1 | 100.0
            +---------+---------+-------+---------+---------+-------

Illustrated notes

Table legend:
 A = Kills in this place as a percentage of kills in entire the game.
 B = Kills by you in this place as a percentage of kills by you in the entire game.
 C = Kills by friends in this place as a percentage of kills by friends in the entire game.
 D = Other kills in this place as a percentage of other kills in the entire game.
 E = Experience gained in this place as a percentage of experience gained in the entire game.
 F = Experience gained in this place divided by the number of levels of this place that you have seen.
                   A       B       C       D       E      F
               +-------+-------+-------+-------+-------+----------------------
         Total | 100.0 | 100.0 |   N/A |   N/A |   N/A |   0.0
         Abyss | 100.0 | 100.0 |   N/A |   N/A |   N/A |   0.0
               +-------+-------+-------+-------+-------+----------------------

Table legend: (Time is in decaauts)
 A = Elapsed time spent in this place.
 B = Non-inter-level travel time spent in this place.
 C = Inter-level travel time spent in this place.
 D = Time resting spent in this place.
 E = Time spent auto-exploring this place.
 F = Levels seen in this place.
 G = Mean time per level.
                   A        B        C        D        E       F      G
               +--------+--------+--------+--------+--------+-----+--------+
         Total |    100 |    100 |      0 |     75 |     12 |   1 |  100.0 |
         Abyss |    100 |    100 |      0 |     75 |     12 |   1 |  100.0 |
               +--------+--------+--------+--------+--------+-----+--------+

Top non-repeatable levels by time:
 Abyss:1: 100 daAuts
